[Event "SMWM 65+"]
[Site "?"]
[Date "2018.07.07"]
[Round "1.17"]
[White "Jones, Iolo C"]
[Black "Faibisovich, Vadim Z"]
[Result "1-0"]
[ECO "D37"]
[WhiteElo "2175"]
[BlackElo "2312"]
[PlyCount "89"]
[EventDate "2018.??.??"]
[TimeControl "6000+590"]
[WhiteClock "0:27:35"]
[BlackClock "0:18:41"]

1. d4 Nf6 2. Nf3 e6 3. c4 d5 4. Nc3 Be7 5. e3 O-O 6. Bd3 b6 7. cxd5 exd5 8. O-O
Bb7 9. Ne5 c5 10. Qf3 Nc6 11. Nxc6 Bxc6 12. Bd2 c4 13. Bxc4 Qd7 14. Bd3 b5 15.
a3 a5 16. Rfc1 b4 17. axb4 axb4 18. Ne2 Ne4 19. Be1 f5 20. Ng3 g6 21. Qe2 Bd6
22. Rxa8 Rxa8 23. Nxe4 fxe4 24. Bxe4 dxe4 25. Qc4+ Kf8 26. Qxc6 Qxc6 27. Rxc6
Ra1 28. Kf1 Ke7 29. f3 exf3 30. gxf3 Rb1 31. Ke2 Rxb2+ 32. Kd3 b3 33. Rb6 Kd7
34. Bc3 Rxh2 35. Rxb3 h5 36. Rb7+ Ke8 37. Rg7 Rg2 38. f4 h4 39. Rh7 Be7 40. d5
Ra2 41. Be5 Ra6 42. Ke4 g5 43. fxg5 Bxg5 44. d6 Ra5 45. Kf5 1-0

[Event "SMWM 65+"]
[Site "?"]
[Date "2018.07.07"]
[Round "1.18"]
[White "Mishuchkov, Nikolai M"]
[Black "Thornton, John D"]
[Result "1-0"]
[ECO "E63"]
[WhiteElo "2311"]
[BlackElo "2080"]
[PlyCount "99"]
[EventDate "2018.??.??"]
[TimeControl "6000+950"]
[WhiteClock "0:52:36"]
[BlackClock "0:22:44"]

1. Nf3 Nf6 2. c4 g6 3. g3 Bg7 4. Bg2 O-O 5. O-O d6 6. d4 Nc6 7. Nc3 a6 8. Bf4
Rb8 9. Rc1 Nh5 10. Be3 e5 11. dxe5 Nxe5 12. Nxe5 Bxe5 13. Ba7 Ra8 14. Bd4 c6
15. f4 Bxd4+ 16. Qxd4 Qf6 17. Rfd1 Qxd4+ 18. Rxd4 Be6 19. b3 Rfd8 20. Rcd1 Kf8
21. Rxd6 Rxd6 22. Rxd6 Ke7 23. Rd4 Rd8 24. Rxd8 Kxd8 25. Ne4 Ng7 26. Ng5 h6 27.
Nxe6+ Nxe6 28. Kf2 Kc7 29. Ke3 Kd6 30. Bh3 f5 31. Kd3 a5 32. Bg2 Kc5 33. a3 b5
34. cxb5 cxb5 35. e4 b4 36. axb4+ axb4 37. exf5 gxf5 38. Bf3 Nd4 39. Bd1 Kd5
40. h3 Ne6 41. Ke3 Nd4 42. Bh5 Nc2+ 43. Kd3 Nd4 44. Bf7+ Kc5 45. g4 fxg4 46.
hxg4 Nf3 47. Ke4 Nh4 48. Ke5 Nf3+ 49. Kf6 Kd4 50. g5 1-0

[Event "SMWM 65+"]
[Site "?"]
[Date "2018.07.07"]
[Round "1.19"]
[White "Van Kemenade, Rudy"]
[Black "Karasev, Vladimir I"]
[Result "0-1"]
[ECO "A02"]
[WhiteElo "1948"]
[BlackElo "2337"]
[Annotator "Thornton,John"]
[PlyCount "46"]
[EventDate "2018.??.??"]
[TimeControl "6000+765"]
[WhiteClock "1:27:55"]
[BlackClock "0:56:44"]

1. f4 e5 2. fxe5 d6 3. exd6 Bxd6 4. Nf3 g5 5. g3 g4 6. Nh4 Be7 7. Ng2 h5 8. d4
h4 9. Bf4 h3 10. Ne3 Nf6 11. Qd3 Nc6 12. c3 Be6 13. Nd2 Qd7 14. b3 ({Komodo 12
64-bit:} 14. O-O-O a6 (14... Bxa2 15. Nf5 {Komodo 12 64-bit: 1)} O-O-O ({
Komodo 12 64-bit: 2)} 15... Nh5 16. e4 Be6 17. Nxe7 Nxe7 18. Be3 O-O-O 19. d5
Nxd5 20. exd5 Qxd5 21. Qxd5 Bxd5 22. Rg1 Rhe8 23. Bxa7 b6 24. Bb5 c6 25. Bxb6
cxb5 26. Bxd8 Rxd8 27. Rdf1 {Komodo 12 64-bit:} Bg2 28. Rxf7 Nxg3 29. Re1 Nh5
30. Re5 g3 31. Rc5+ Kb8 32. Nf3 gxh2 33. Rxb5+ Kc8 34. Rc5+ Kb8 35. Nxh2 Ng3
36. Rg7 Ne2+ 37. Kc2 Be4+ 38. Kb3 Nf4 39. Re7 Bd3 40. Rf7 Nd5 41. Ra5 Ne3 ) ({Komodo 12 64-bit: 3)} 15... Na5 16. e4 Nb3+ 17. Nxb3 Bxb3
18. Re1 a6 19. d5 Rg8 20. Qd4 Nh5 21. Nh6 Nxf4 22. Nxg8 Ng2 23. Nxe7 Nxe1 24.
Be2 Nf3 25. Qh8+ Kxe7 26. Qxa8 c6 ) 16. e4 Rh5 17. Be2 Be6 18.
Nxe7+ Nxe7 19. Rhf1 Ra5 20. Qb1 Ba2 21. Qc2 Be6 22. b3 Nh5 23. Be3 c6 24. Nc4
Bxc4 25. bxc4 f5 26. exf5 Nf6 ) 15. Nc2 O-O-O 16. e4 Bxa2 17.
b3 Na5 18. Kb2 Nxb3 19. Nxb3 Bxb3 20. Kxb3 Qe6+ 21. d5 Qb6+ 22. Nb4 a5 23. Be3
c5 24. Ra1 axb4 25. Ra8+ Kc7 26. Bf4+ Bd6 ) 14... O-O-O 15.
O-O-O Nh5 16. Nec4 Nxf4 17. gxf4 f5 18. Ne5 Nxe5 19. dxe5 Qc6 20. e4 Rxd3 21.
Bxd3 Qxc3+ 22. Bc2 Ba3+ 23. Kb1 Qb2# 0-1

[Event "SMWM 65+"]
[Site "?"]
[Date "2018.07.07"]
[Round "1.20"]
[White "Shushpanov, Vladimir"]
[Black "James, Dai"]
[Result "1-0"]
[ECO "C00"]
[WhiteElo "2198"]
[BlackElo "1832"]
[PlyCount "45"]
[EventDate "2018.??.??"]
[TimeControl "6000+605"]
[WhiteClock "0:46:45"]
[BlackClock "0:53:45"]

1. e4 e6 2. b3 d5 3. Bb2 Nf6 4. e5 Nfd7 5. f4 c5 6. Nf3 Nc6 7. Bb5 Qb6 8. c4
Ne7 9. Nc3 a6 10. Ba4 g6 11. O-O Bg7 12. d3 O-O 13. Qd2 Qc7 14. Rac1 b6 15.
cxd5 exd5 16. b4 b5 17. Bd1 Bb7 18. bxc5 Qxc5+ 19. d4 Qb6 20. Ba3 Rfe8 21. Bb3
Rac8 22. Bxe7 Rxe7 23. Nxd5 1-0